 Dungeon Sprint DCSS version 0.30-a0-779-g7971cf19c3 (webtiles) character file.

Game seed: 2446455380139686372

653 retardedninja the Blocker (level 7, -1/63 HPs)
             Began as a Gnoll Fighter on Feb 17, 2023.
             Was an Initiate of Gozag.
             Slain by an orc warrior
             ... wielding a +0 glaive
              (10 damage)
             ... in the Dungeon (Sprint IX: "|||||||||||||||||||||||||||||").
             The game lasted 00:01:15 (475 turns).

retardedninja the Blocker (Gnoll Fighter)            Turns: 475, Time: 00:01:16

Health: -1/63      AC: 17    Str: 20    XL:     7   Next: 54%
Magic:  14/15      EV:  9    Int:  8    God:    Gozag
Gold:   0          SH:  6    Dex: 11    Spells: 17/17 levels left

rFire   . . .      SeeInvis .    a - +0 war axe
rCold   . . .      Faith    .    c - +0 buckler
rNeg    . . .      Spirit   .    r - +1 chain mail
rPois   .          Reflect  .    o - +0 helmet
rElec   .          Harm     .    (no cloak)
rCorr   .          Rampage  .    n - +0 pair of gloves
Will    .....      NoTele   +    (no boots) Stlth
                                 (no amulet)
HPRegen 0.30/turn                q - +2 ring of protection
MPRegen 0.14/turn                p - +3 ring of strength

@: gold aura
A: fangs 1, strong nose, distributed training
a: Renounce Religion, Potion Petition, Call Merchant, Bribe Branch


You were in the Dungeon.
You worshipped Gozag.
Gozag was noncommittal.
You visited 1 branch

Inventory:

Hand Weapons
 a - a +0 war axe (weapon)
 m - a +1 heavy broad axe
Armour
 c - a +0 buckler (worn)
 n - a +0 pair of gloves (worn)
 o - a +0 helmet (worn)
 r - a +1 chain mail (worn)
Jewellery
 p - a +3 ring of strength (right hand)
 q - a +2 ring of protection (left hand)
Wands
 l - a wand of roots (10)
Scrolls
 j - 2 scrolls of blinking
 k - 2 scrolls of amnesia
Potions
 e - 5 potions of curing
 f - 2 potions of heal wounds
 h - 4 potions of magic
 i - a potion of berserk rage


   Skills:
 + Level 8.9 Fighting
 + Level 5.8 Short Blades
 + Level 5.8 Long Blades
 + Level 7.5 Axes
 + Level 5.8 Maces & Flails
 + Level 5.8 Polearms
 + Level 5.8 Staves
 + Level 5.8 Ranged Weapons
 + Level 5.8 Throwing
 + Level 8.9 Armour
 + Level 5.8 Dodging
 + Level 5.8 Stealth
 + Level 8.9 Shields
 + Level 5.8 Unarmed Combat
 + Level 5.8 Spellcasting
 + Level 4.8 Conjurations
 + Level 4.8 Hexes
 + Level 4.8 Summonings
 + Level 4.8 Necromancy
 + Level 4.8 Translocations
 + Level 4.8 Transmutations
 + Level 4.8 Fire Magic
 + Level 4.8 Ice Magic
 + Level 4.8 Air Magic
 + Level 4.8 Earth Magic
 + Level 4.8 Poison Magic
 + Level 6.4 Invocations
 + Level 5.8 Evocations


You had 17 spell levels left.
You didn't know any spells.
Your spell library was empty.

Dungeon Overview and Level Annotations

Branches:
Dungeon (1/1)

Altars:
Cheibriados
Dithmenos
Elyvilon
Fedhas
Gozag
Hepliaklqana
Kikubaaqudgha
Makhleb
Nemelex Xobeh
Okawaru
Qazlal
Ru
Sif Muna
Trog
Uskayaw
Vehumet
Wu Jian
Xom
Yredelemnul
Zin
The Shining One
Jiyva
Lugonu


Innate Abilities, Weirdness & Mutations

You have very sharp teeth.
Your uncanny sense of smell can sniff out nearby items.
Your experience applies equally to all skills.


Message History

You slash the shadow!
The shadow is heavily damaged.
The orc warrior hits you from afar with a +0 glaive.
The shadow hits you.
You completely miss the shadow.
The shadow is heavily damaged.
The shadow hits you. The orc warrior closely misses you.
You hit the shadow but do no damage.
The shadow is heavily damaged.
You hit the shadow but do no damage. You bite the shadow.
The shadow is severely damaged.
You block the shadow's attack. You block the orc warrior's attack.
You slash the shadow!
You destroy the shadow!
The orc warrior hits you from afar with a +0 glaive.
The orc priest calls down the wrath of Beogh upon you.
Beogh smites you!
* * * LOW HITPOINT WARNING * * *
The orc warrior barely misses you.
You see here 54 gold pieces.
You feel much better.
You hit the orc warrior but do no damage.
You feel yourself slow down.
The orc warrior hits you but does no damage.
You barely miss the orc warrior. Your bite misses the orc warrior.
The orc warrior barely misses you.
You closely miss the orc warrior. The orc warrior closely misses you.
You closely miss the orc warrior.
The orc warrior hits you with a +0 glaive!
You closely miss the orc warrior. The orc warrior barely misses you.
You hit the orc warrior but do no damage.
You bite the orc warrior, but do no damage.
The orc priest invokes the aid of Beogh against you.
Beogh smites you!
* * * LOW HITPOINT WARNING * * *
The orc warrior hits you with a +0 glaive!
* * * LOW HITPOINT WARNING * * *
The orc warrior hits you with a +0 glaive!
You die...
Your body crumbles into a pile of gold.

▓▓▓▓▓▓▓▓▓▓▓▓▓▓▓▓▓▓▓▓▓▓
+.o{o@$$..[...)..'____
▓▓▓▓▓▓▓▓▓▓▓▓▓▓▓▓▓▓▓▓▓▓
∆∆∆∆ $ ∆∆$$


$$$$$ $ $ $ $$$$$ $$$ You could see an orc warrior and an orc priest.

Vanquished Creatures
  A shadow (D)
  A steam dragon (D)
  2 black bears (D)
  An orc warrior (D)
  A scorpion (D)
  A jelly (D)
  An iguana (D)
  A hobgoblin (D)
  A kobold (D)
  A bat (D)
  A frilled lizard (D)
  A rat (D)
13 creatures vanquished.

Notes
Turn   | Place    | Note
-------+----------+-------------------------------------------
     0 | D        | retardedninja the Gnoll Fighter began the quest for the
                  | Orb.
     0 | D        | Reached XP level 1. HP: 23/23 MP: 1/1
    16 | D        | Reached skill level 1 in Invocations
   129 | D        | Noticed a jelly
   129 | D        | Noticed a black bear
   129 | D        | Noticed a scorpion
   129 | D        | Noticed a black bear
   129 | D        | Noticed an iguana
   132 | D        | Killed an iguana
   133 | D        | Reached skill level 5 in Axes
   133 | D        | Reached skill level 1 in Conjurations
   133 | D        | Reached skill level 1 in Hexes
   133 | D        | Reached skill level 1 in Summonings
   133 | D        | Reached skill level 1 in Necromancy
   133 | D        | Reached skill level 1 in Translocations
   133 | D        | Reached skill level 1 in Transmutations
   133 | D        | Reached skill level 1 in Fire Magic
   133 | D        | Reached skill level 1 in Ice Magic
   133 | D        | Reached skill level 1 in Air Magic
   133 | D        | Reached skill level 1 in Earth Magic
   133 | D        | Reached skill level 1 in Poison Magic
   133 | D        | Reached XP level 2. HP: 29/29 MP: 3/5
   133 | D        | Reached XP level 3. HP: 35/35 MP: 3/6
   136 | D        | Killed a black bear
   137 | D        | Reached XP level 4. HP: 21/43 MP: 3/8
   137 | D        | Reached XP level 5. HP: 23/48 MP: 3/9
   142 | D        | Killed a black bear
   143 | D        | Reached XP level 6. HP: 25/56 MP: 4/12
   145 | D        | Reached skill level 5 in Invocations
   359 | D        | Found a snail-covered altar of Cheibriados.
   359 | D        | Found a shadowy altar of Dithmenos.
   359 | D        | Found a white marble altar of Elyvilon.
   359 | D        | Found a blossoming altar of Fedhas.
   359 | D        | Found an opulent altar of Gozag.
   360 | D        | Found a hazy altar of Hepliaklqana.
   361 | D        | Found a viscous altar of Jiyva.
   362 | D        | Found an ancient bone altar of Kikubaaqudgha.
   363 | D        | Found a corrupted altar of Lugonu.
   364 | D        | Found a burning altar of Makhleb.
   365 | D        | Found a sparkling altar of Nemelex Xobeh.
   366 | D        | Found an iron altar of Okawaru.
   367 | D        | Became a worshipper of Gozag Ym Sagoz the Greedy
   368 | D        | Found a stormy altar of Qazlal.
   369 | D        | Found a sacrificial altar of Ru.
   370 | D        | Found a shimmering blue altar of Sif Muna.
   371 | D        | Found a bloodstained altar of Trog.
   372 | D        | Found a hide-covered altar of Uskayaw.
   373 | D        | Found a radiant altar of Vehumet.
   374 | D        | Found an ornate altar of the Wu Jian Council.
   375 | D        | Found a shimmering altar of Xom.
   376 | D        | Found a basalt altar of Yredelemnul.
   377 | D        | Found a glowing silver altar of Zin.
   378 | D        | Found a glowing golden altar of the Shining One.
   394 | D        | Got the +2 halberd "Zoxkedi" {venom, rN+ Int+4}
   434 | D        | Noticed an orc warrior
   434 | D        | Noticed a shadow
   434 | D        | Noticed an orc warrior
   434 | D        | Noticed a steam dragon
   445 | D        | Killed a steam dragon
   446 | D        | Reached skill level 5 in Short Blades
   446 | D        | Reached skill level 5 in Long Blades
   446 | D        | Reached skill level 5 in Maces & Flails
   446 | D        | Reached skill level 5 in Polearms
   446 | D        | Reached skill level 5 in Staves
   446 | D        | Reached skill level 5 in Ranged Weapons
   446 | D        | Reached skill level 5 in Throwing
   446 | D        | Reached skill level 5 in Dodging
   446 | D        | Reached skill level 5 in Stealth
   446 | D        | Reached skill level 5 in Unarmed Combat
   446 | D        | Reached skill level 5 in Spellcasting
   446 | D        | Reached skill level 5 in Evocations
   460 | D        | Killed an orc warrior
   461 | D        | Reached XP level 7. HP: 32/63 MP: 13/15
   467 | D        | Killed a shadow
   475 | D        | Slain by an orc warrior

Illustrated notes

Levels and vault maps discovered:
D:        linesprint [early_d, line_temple, items_1, d_10, items_2, lair_1,
          lair_end, items_3, orc_1, orc_end, items_4, d_15, swamp_1, shoals_1,
          snake_1, spider_1, d_20, vaults_1, items_5, swamp_end, shoals_end,
          snake_end, spider_end, vaults_end, d_27, items_6, zot_1, zot_end,
          crypt_end, forest_end, elf_end, slime_end, tomb_end, abyss_end,
          pan_hell_end]

Skill      XL: |  1  2  3  4  5  6 |
---------------+-------------------+-----
Invocations    | 2 3 4 6 |  6.4
Short Blades   | 2 3 4 5 |  5.8
Long Blades    | 2 3 4 5 |  5.8
Axes           | 5 6 7 |  7.5
Maces & Flails | 2 3 4 5 |  5.8
Polearms       | 2 3 4 5 |  5.8
Staves         | 2 3 4 5 |  5.8
Ranged Weapons | 2 3 4 5 |  5.8
Throwing       | 2 3 4 5 |  5.8
Dodging        | 2 3 4 5 |  5.8
Stealth        | 2 3 4 5 |  5.8
Unarmed Combat | 2 3 4 5 |  5.8
Spellcasting   | 2 3 4 5 |  5.8
Conjurations   | 1 2 3 4 |  4.8
Hexes          | 1 2 3 4 |  4.8
Summonings     | 1 2 3 4 |  4.8
Necromancy     | 1 2 3 4 |  4.8
Translocations | 1 2 3 4 |  4.8
Transmutations | 1 2 3 4 |  4.8
Fire Magic     | 1 2 3 4 |  4.8
Ice Magic      | 1 2 3 4 |  4.8
Air Magic      | 1 2 3 4 |  4.8
Earth Magic    | 1 2 3 4 |  4.8
Poison Magic   | 1 2 3 4 |  4.8
Evocations     | 2 3 4 5 |  5.8
Fighting       | 7 8 |  8.9
Armour         | 7 8 |  8.9
Shields        | 7 8 |  8.9

Action                     |  1- 3 |  4- 6 |  7- 9 || total
---------------------------+-------+-------+-------++-------
  Melee: War axe           |    18 |    31 |    12 ||    61
         Bite              |     4 |     4 |     3 ||    11
    Use: Potion            |     1 |     2 |     1 ||     4
   Stab: Invisible         |       |     2 |       ||     2
 Armour: Scale mail        |     4 |     5 |       ||     9
         Chain mail        |       |    10 |     4 ||    14
  Dodge: Dodged            |    10 |    12 |     6 ||    28
  Block: Buckler           |     4 |     8 |     2 ||    14

Table legend: (Time is in decaauts)
 A = Elapsed time spent in this place.
 B = Non-inter-level travel time spent in this place.
 C = Inter-level travel time spent in this place.
 D = Time resting spent in this place.
 E = Time spent auto-exploring this place.
 F = Levels seen in this place.
 G = Mean time per level.
                   A        B        C        D        E       F      G
               +--------+--------+--------+--------+--------+-----+--------+
         Total |    473 |    473 |      0 |    315 |      0 |   1 |  473.0 |
       Dungeon |    473 |    473 |      0 |    315 |      0 |   1 |  473.0 |
               +--------+--------+--------+--------+--------+-----+--------+

Top non-repeatable levels by time:
       D: 473 daAuts
